 Dungeon Crawl Stone Soup version 0.24.0-125-gc4c63601f3 (webtiles) character file.

Game seed: 7289592662537757439, levelgen mode: deterministic

627 CrazyMind the Chucker (level 7, -1/70 HPs)
             Began as an Ogre Hunter on Feb 21, 2020.
             Was a Follower of Zin.
             Shot with an arrow by a centaur (12 damage)
             ... on level 5 of the Dungeon.
             The game lasted 00:22:52 (5316 turns).

CrazyMind the Chucker (Ogre Hunter)                 Turns: 5316, Time: 00:22:53

Health: -1/70      AC:  4    Str: 22    XL:     7   Next: 47%
Magic:  7/7        EV: 10    Int: 12    God:    Zin [*.....]
Gold:   35         SH:  0    Dex:  9    Spells: 6/6 levels left

rFire    + + .     SeeInvis +   g - +1 whip (venom)
rCold    x . .     Gourm    .   (no shield)
rNeg     . . .     Faith    .   b - +1 robe
rPois    .         Spirit   .   (helmet restricted)
rElec    .         Reflect  .   (no cloak)
rCorr    .         Harm     .   (gloves unavailable)
MR       .....                  (boots unavailable)
Stlth    +.........             (no amulet)
HPRegen  0.21/turn              h - ring of protection from fire
MPRegen  0.10/turn              p - ring "Jiysov" {Fire *Drain +Inv Str+3 SInv}

@: no status effects
A: large, unfitting armour, tough skin 1
a: Recite, Donate Gold, Renounce Religion, Evoke Invisibility


You were on level 5 of the Dungeon.
You worshipped Zin.
Zin was aware of your devotion.
You were not hungry.

You visited 1 branch of the dungeon, and saw 5 of its levels.

You collected 97 gold pieces.
You donated 62 gold pieces to Zin.

Inventory:

Hand Weapons
 e - a +0 whip
 g - a +1 whip of venom (weapon)
 o - a +0 flail
 v - a +0 giant club
Missiles
 c - 5 large rocks
 d - 2 throwing nets
 i - 4 boomerangs (quivered)
 k - 102 stones
 u - 3 javelins
 w - a poisoned dart
Armour
 b - a +1 robe (worn)
 m - a +0 shield
Jewellery
 h - a ring of protection from fire (left hand)
 n - an uncursed ring of positive energy
 p - the ring "Jiysov" (right hand) {Fire *Drain +Inv Str+3 SInv}
   (You found it on level 6 of the Dungeon)

   [ring of fire]

   It enhances your fire magic.
   It affects your strength (+3).
   It protects you from fire.
   It makes you vulnerable to cold.
   It lets you see invisible.
   It lets you turn invisible.
   It causes draining when unequipped.
Scrolls
 a - a scroll of identify
 r - a scroll of amnesia
Potions
 j - a potion of mutation {unknown}
 l - a potion of brilliance {unknown}
 q - a potion of flight {unknown}
 t - a potion of lignification {unknown}
Comestibles
 f - 6 rations
 s - 2 chunks of flesh


   Skills:
 + Level 4.3 Fighting
 * Level 4.6 Maces & Flails
 + Level 5.5 Throwing
 + Level 3.1 Dodging
 - Level 0.6 Stealth
 + Level 0.8 Invocations
 + Level 0.8 Evocations


You had 6 spell levels left.
You didn't know any spells.
Your spell library was empty.

Dungeon Overview and Level Annotations

Branches:
Dungeon (6/15)
 Temple: D:4-7

Altars:
Cheibriados
Hepliaklqana
Kikubaaqudgha
Zin

Shops:
D:6 *

Annotations:
D:3 1 runed translucent door, barcode's ghost, amateur TeCj


Innate Abilities, Weirdness & Mutations

You are too large for most types of armour.
You have tough skin. (AC +1)


Message History

The floor.
Unknown command.
You barely miss the killer bee zombie.
The killer bee zombie is almost destroyed.
The killer bee zombie hits you but does no damage.
The killer bee zombie hits you.
* * * LOW HITPOINT WARNING * * *
Okay, then.
Unknown command.
Press: ? - help, v - describe, . - travel, g - get item
Here: a killer bee zombie (almost destroyed)
A jackal corpse.
There is something else lying underneath.
The floor, spattered with blood.
You hit the killer bee zombie.
You destroy the killer bee zombie!
Zin accepts your kill.
The centaur wields a +0 shortbow.
The centaur shoots an arrow.
The arrow hits you!
You die...

### #### ##.## ..#
##.#.## #.###.###.##
###.##.## ##@## #.....##
##†# #.#.##.# ##.c#
#.##.#.###.###(#.#######
#........#..#(.........#
##.#.###.# #(..#........
# #..##.#.(..h...####..
#.##.##.#.###.##.#
#.......#. ...# .#


You could see a centaur.

Vanquished Creatures
  An ogre (D:5)
  A centaur (D:6)
  A scorpion (D:5)
  A centaur zombie (D:5)
  A crimson imp (D:5)
  A hound (D:5)
  A jelly (D:6)
  An iguana (D:5)
  An orc wizard (D:5)
  A worker ant (D:5)
  A killer bee zombie (D:5)
  A worker ant zombie (D:6)
  3 gnolls
  A howler monkey skeleton (D:6)
  4 adders
  An ooze (D:3)
  A worm (D:2)
  A dart slug (D:3)
  A leopard gecko (D:3)
  14 orcs
  4 bats
  2 bat zombies (D:2)
  A giant cockroach (D:3)
  7 goblins
  13 hobgoblins
  8 jackals
  7 kobolds
  3 quokkas
  3 frilled lizards
  9 rats
  A rat zombie (D:2)
96 creatures vanquished.

Notes
Turn   | Place    | Note
-------+----------+-------------------------------------------
     0 | D:1      | CrazyMind the Ogre Hunter began the quest for the Orb.
     0 | D:1      | Reached XP level 1. HP: 22/22 MP: 1/1
   168 | D:1      | Reached XP level 2. HP: 24/29 MP: 2/2
  1037 | D:1      | Reached XP level 3. HP: 14/37 MP: 3/3
  1652 | D:2      | Reached skill level 1 in Maces & Flails
  2062 | D:2      | Found a hazy altar of Hepliaklqana.
  2233 | D:2      | Reached XP level 4. HP: 35/45 MP: 4/4
  2509 | D:2      | Found an ancient bone altar of Kikubaaqudgha.
  2572 | D:3      | Found a snail-covered altar of Cheibriados.
  2572 | D:3      | Found a glowing silver altar of Zin.
  2589 | D:3      | Became a worshipper of Zin the Law-Giver
  2590 | D:3      | Donated 17 gold pieces to Zin
  3669 | D:3      | Noticed an orc warrior
  3670 | D:3      | Found a runed translucent door.
  3670 | D:3      | Noticed barcode's ghost (amateur TeCj)
  3732 | D:3      | Reached * piety under Zin
  3879 | D:3      | Reached skill level 5 in Throwing
  3879 | D:3      | Reached XP level 5. HP: 29/53 MP: 5/5
  4303 | D:3      | You fall into a shaft and drop 3 floors!
  4303 | D:6      | Noticed a centaur
  4312 | D:6      | Got a sparkling turquoise ring
  4312 | D:6      | Identified the ring "Jiysov" {Fire *Drain +Inv Str+3 SInv}
                  | (You found it on level 6 of the Dungeon)
  4337 | D:6      | Found Miobb's General Store.
  4358 | D:6      | Killed a centaur
  4358 | D:6      | Reached XP level 6. HP: 17/62 MP: 6/6
  4675 | D:5      | Entered Level 5 of the Dungeon
  5219 | D:5      | Reached XP level 7. HP: 63/70 MP: 7/7
  5237 | D:5      | Donated 36 gold pieces to Zin
  5316 | D:5      | Shot with an arrow by a centaur

Levels and vault maps discovered:
D:1:      tarquinn_simple_flora_water_e, layout_rooms, grunt_decor_resistance
D:2:      layout_basic, lemuel_zombie_altar_kikubaaqudgha, marbit_many_paths,
          first_ration
D:3:      layout_loops_ring, chequers_temple_overflow_statue_of_worship,
          ebering_ghost_inner_flame, st_stairs_12, fountainhead
D:5:      layout_loops_cross, grunt_temple_overflow_holy_war, serial_shops,
          nicolae_shop_behind_doors, grunt_decor_fettered, uniq_menkaure
D:6:      cheibrodos_fzero, layout_basic, okawaru_ov_weapons_minmay,
          temple_statues, serial_shops, kennysheep_mini,
          nicolae_shop_statue_plus, shop

Skill      XL: |  1  2  3  4  5  6  7 |
---------------+----------------------+-----
Fighting       | 3 4 |  4.3
Maces & Flails | 1 2 3 4 |  4.6
Dodging        | 2 3 |  3.1
Throwing       | 5 |  5.5
Stealth        | |  0.6
Invocations    | |  0.8
Evocations     | |  0.8

Action                   |  1- 3 |  4- 6 |  7- 9 || total
-------------------------+-------+-------+-------++-------
Melee: Whip              |   195 |   214 |    39 ||   448
       Short sword       |     4 |       |       ||     4
       Flail             |       |    39 |       ||    39
Throw: Dart              |    22 |    27 |     6 ||    55
       Large rock        |     8 |    14 |       ||    22
       Stone             |     4 |       |       ||     4
       Javelin           |       |     6 |       ||     6
       Boomerang         |       |     2 |     4 ||     6
       Throwing net      |       |     1 |       ||     1
Invok: Recite            |       |     2 |       ||     2
       Donate Gold       |       |     1 |     1 ||     2
 Abil: Evoke Invisibilit |       |     2 |       ||     2
  Use: Scroll            |     4 |     5 |       ||     9
       Potion            |       |     3 |       ||     3
 Stab: Sleeping          |     1 |       |       ||     1
       Distracted        |       |     1 |       ||     1
  Eat: Chunk             |     4 |     7 |     1 ||    12
       Ration            |       |     1 |       ||     1
Armor: Robe              |    79 |    79 |    10 ||   168
Dodge: Dodged            |   107 |   178 |    17 ||   302
